 Dungeon Crawl Stone Soup version 0.18-a0-1060-g4fac74f (webtiles) character file.

129 gorblad the Gusty (level 4, -1/33 HPs)
             Began as a Draconian Air Elementalist on Jan 13, 2016.
             Slain by a gnoll sergeant
             ... wielding a +4 spear of flaming
              (2 damage)
             ... on level 3 of the Dungeon.
             The game lasted 00:09:05 (1913 turns).

gorblad the Gusty (Draconian Air Elementalist)      Turns: 1913, Time: 00:09:06

Health: -1/33      AC:  6    Str: 10    XL:     4   Next: 88%
Magic:  0/9        EV: 12    Int: 17    God:
Gold:   70         SH:  0    Dex: 11    Spells: 2 memorised, 5 levels left

rFire  . . .     SeeInvis .     g - +0 short sword
rCold  . . .     Gourm    .     (armour unavailable)
rNeg   . . .     Faith    .     (no shield)
rPois  .         Spirit   .     (helmet restricted)
rElec  .         Dismiss  .     m - +0 cloak
rCorr  .         Reflect  .     (no gloves)
SustAt .         Harm     .     (no boots)
MR     .....                    (no amulet)
Stlth  ++........               (no ring)
                                (no ring)

@: not resistant to hostile enchantments, unstealthy
A: unfitting armour, cold-blooded, AC +5
a: no special abilities


You were on level 3 of the Dungeon.
You were not hungry.

You visited 1 branch of the dungeon, and saw 3 of its levels.

You collected 70 gold pieces.

Inventory:

Hand Weapons
 g - a +0 short sword (weapon)
Armour
 m - a +0 cloak (worn)
Scrolls
 d - a scroll of remove curse
Potions
 e - a potion of cancellation
 i - a potion of might
 j - a potion of flight {unknown}
Books
 a - a book of Air

   Spells                             Type                      Level
   a - Shock                          Conjuration/Air              1
   b - Swiftness                      Charms/Air                   2
   c - Repel Missiles                 Charms/Air                   2
   d - Static Discharge               Conjuration/Air              3
   e - Lightning Bolt                 Conjuration/Air              5
 n - a book of Minor Magic

   Spells                             Type                      Level
   a - Magic Dart                     Conjuration                  1
   b - Blink                          Translocation                2
   c - Call Imp                       Summoning                    2
   d - Repel Missiles                 Charms/Air                   2
   e - Slow                           Hexes                        2
   f - Conjure Flame                  Conjuration/Fire             3
   g - Mephitic Cloud                 Conjuration/Poison/Air       3
Comestibles
 b - 2 bread rations
 f - 2 fruits
 h - 2 meat rations
 k - a chunk of flesh
 l - 4 beef jerkies


   Skills:
 - Level 1.8 Dodging
 - Level 2.0 Stealth
 * Level 3.4 Spellcasting
 + Level 2.2 Conjurations
 + Level 4.0 Air Magic


You had 5 spell levels left.
You knew the following spells:

 Your Spells              Type           Power        Failure   Level  Hunger
a - Shock                 Conj/Air       ##..         6%          1    None
b - Static Discharge      Conj/Air       ##......     17%         3    ###....


Dungeon Overview and Level Annotations

Branches:
Dungeon (3/15)

Altars:


Innate Abilities, Weirdness & Mutations

Your plain brown scales are hard (AC +5).
Your body does not fit into most forms of armour.
You are cold-blooded and may be slowed by cold attacks.


Message History

The gnoll sergeant hits you with a spear of flaming!
* * * LOW HITPOINT WARNING * * *
The gnoll sergeant burns you.
* * * LOW HITPOINT WARNING * * *
The gnoll barely misses you.
You are too injured to fight recklessly!
You are too injured to fight recklessly!
You are too injured to fight recklessly!
You are too injured to fight recklessly!
You are too injured to fight recklessly!
You are too injured to fight recklessly!
Casting: Shock
Confirm with . or Enter, or press ? or * to list all spells.
You don't know that spell.
You closely miss the gnoll sergeant.
The gnoll sergeant is moderately wounded.
The gnoll sergeant hits you with a spear of flaming.
* * * LOW HITPOINT WARNING * * *
The gnoll sergeant burns you.
You die...

## #... # ####. #...
####. ....## ##.##
.....# #.#.#####.).. .#
#.(.###..........##
...###
#...##.........##
.....###
##.......)...... ##.
#...####....#........##
##..
##...@gg####........#
####..## ##...#####
#........#
#......###..#.#
#........#
##......##..##.#
###...####
...........###.. ###.#
...........###### #..
........##....# ##.
........#####..## #.# .
.#..######## #...##..


You could see a gnoll sergeant and a gnoll.

Vanquished Creatures
  3 gnolls (D:3)
  6 adders
  A worm (D:2)
  An orc (D:3)
  5 bats
  4 giant cockroaches
  5 goblins
  4 hobgoblins
  2 jackals (D:3)
  A quokka (D:2)
  3 giant newts
  4 kobolds
  9 rats
48 creatures vanquished.

Notes
Turn   | Place    | Note
--------------------------------------------------------------
     0 | D:1      | gorblad the Draconian Air Elementalist began the quest for the Orb.
     0 | D:1      | Reached XP level 1. HP: 14/14 MP: 3/3
   333 | D:1      | Reached XP level 2. HP: 17/20 MP: 5/5
   847 | D:2      | Reached XP level 3. HP: 26/26 MP: 1/6
  1348 | D:2      | Reached XP level 4. HP: 33/33 MP: 3/8
  1817 | D:3      | Learned a level 3 spell: Static Discharge
  1866 | D:3      | Noticed a gnoll sergeant
  1881 | D:3      | Reached skill level 4 in Air Magic
  1913 | D:3      | HP: 1/33 [gnoll sergeant/spear of flaming (3)]
  1913 | D:3      | Slain by a gnoll sergeant

Vault maps used:
D:1:      minmay_arrival_five_plusses
D:2:      minmay_misc_feat_four_crosses
D:3:      nicolae_overflow_hidden_temple, zin_angel, first_bread,
          minmay_joined_circles

Action                   |  1- 3 |  4- 6 || total
-------------------------+-------+-------++-------
Melee: Short sword       |    31 |    13 ||    44
       Unarmed           |    14 |       ||    14
       Club              |     1 |       ||     1
 Cast: Shock             |    54 |    33 ||    87
  Use: Scroll            |     4 |     3 ||     7
       Potion            |       |     2 ||     2
 Stab: Sleeping          |     1 |       ||     1
  Eat: Chunk             |     2 |     2 ||     4
